 Dungeon Crawl Stone Soup version 0.21.1-1-g345015f (webtiles) character file.

690 Kairos the Chopper (level 7, -1/55 HPs)
             Began as a Formicid Fighter on Apr 12, 2018.
             Was an Initiate of Qazlal.
             Killed by divine providence
             ... invoked by an orc priest
              (10 damage)
             ... on level 5 of the Dungeon.
             The game lasted 00:06:44 (3871 turns).

Kairos the Chopper (Formicid Fighter)               Turns: 3871, Time: 00:06:45

Health: -1/55      AC:  8    Str: 20    XL:     7   Next: 95%
Magic:  7/7        EV:  9    Int: 13    God:    Qazlal [......]
Gold:   192        SH: 10    Dex: 12    Spells: 6/6 levels left

rFire    . . .     SeeInvis +   a - +0 war axe
rCold    . . .     Gourm    .   c - +0 shield
rNeg     . . .     Faith    .   b - +0 scale mail
rPois    .         Spirit   .   (helmet unavailable)
rElec    .         Reflect  .   (no cloak)
rCorr    .         Harm     .   (no gloves)
MR       .....                  i - +0 pair of boots
Stlth    ..........             (no amulet)
HPRegen  0.18/turn              u - +5 ring of intelligence
MPRegen  0.10/turn              (no ring)

@: no status effects
A: permanent stasis, dig shafts and tunnels, four strong arms, antennae 3
a: Dig, Shaft Self, Renounce Religion


You were on level 5 of the Dungeon.
You worshipped Qazlal.
Qazlal was noncommittal.
You were not hungry.

You visited 1 branch of the dungeon, and saw 5 of its levels.

You collected 192 gold pieces.

Inventory:

Hand Weapons
 a - a +0 war axe (weapon)
Armour
 b - a +0 scale mail (worn)
 c - a +0 shield (worn)
 i - a +0 pair of boots (worn)
Jewellery
 u - a +5 ring of intelligence (left hand)
Wands
 n - a wand of paralysis (16)
Scrolls
 d - 2 scrolls of amnesia
 g - 3 scrolls of remove curse
 j - a scroll of fear
 k - 2 scrolls of enchant armour {unknown}
 m - 2 scrolls of immolation {unknown}
 r - a scroll of noise {unknown}
 t - a scroll of magic mapping
Potions
 e - a potion of magic {unknown}
 h - a potion of lignification {unknown}
 o - a potion of heal wounds {unknown}
 p - 2 potions of brilliance {unknown}
Comestibles
 f - 14 rations
 l - a chunk of flesh


   Skills:
 + Level 4.7 Fighting
 + Level 5.6 Axes
 + Level 5.0 Armour
 + Level 1.4 Dodging
 + Level 0.8 Stealth
 + Level 5.2 Shields


You had 6 spell levels left.
You didn't know any spells.

Dungeon Overview and Level Annotations

Branches:
Dungeon (5/15)
 Temple: D:4-7

Altars:
Okawaru
Qazlal
Ru
Trog
Uskayaw


Innate Abilities, Weirdness & Mutations

You cannot be hasted, slowed, berserked, paralysed or teleported.
You can dig through walls and to a lower floor.
Your four strong arms can wield two-handed weapons with a shield.
You have a pair of large antennae on your head. (SInv)


Message History

You slash the gnoll!
You kill the gnoll!
Qazlal accepts your kill.
You hit the orc. You hit the sky beast. You barely miss the worker ant.
The worker ant barely misses you. You block the sky beast's attack.
The worker ant barely misses you. The orc hits you but does no damage.
The gnoll hits you from afar with a halberd!
The sky beast hits you but does no damage.
The worker ant barely misses you. The orc closely misses you.
The gnoll hits you with a halberd!
* * * LOW HITPOINT WARNING * * *
The sky beast hits you.
* * * LOW HITPOINT WARNING * * *
The sky beast shocks you.
* * * LOW HITPOINT WARNING * * *
You see here a club.
You feel better. You block the worker ant's attack.
The orc priest mumbles some strange prayers to Beogh against you.
Beogh smites you!
You die...

.........#####
..###.......##.....#....
............+...........
#..........##.....#+#..
#..........##..........
##..........##.........#
............##......<...
.......oY...##..##....##
...oo.g@....###.##......
.......a....###(.###....
...............#.# #....
...............#.###....
.....##........#..##....
..... #............)....
.... #.................
.... ...................
...................


You could see a sky beast (invisible), a worker ant, an orc priest, an orc
wizard, a gnoll and an orc.

Vanquished Creatures
  A phantom (D:4)
  An ice beast (D:4)
  A scorpion (D:4)
  A howler monkey (D:4)
  A hound (D:4)
  An orc priest (D:4)
  An orc wizard (D:4)
  4 worker ants (D:4)
  4 gnolls
  7 adders
  A shadow imp (D:5)
  An ooze (D:3)
  2 worms
  2 dart slugs
  A leopard gecko (D:3)
  9 orcs
  11 giant cockroaches
  7 goblins
  10 hobgoblins
  11 jackals
  9 kobolds
  3 quokkas
  A ball python (D:3)
  9 bats
  4 frilled lizards
  A leopard gecko skeleton (D:4)
  7 rats
111 creatures vanquished.

Notes
Turn   | Place    | Note
-------+----------+-------------------------------------------
     0 | D:1      | Kairos the Formicid Fighter began the quest for the Orb.
     0 | D:1      | Reached XP level 1. HP: 18/18 MP: 1/1
    39 | D:1      | Reached XP level 2. HP: 14/24 MP: 2/2
   561 | D:1      | Reached XP level 3. HP: 29/29 MP: 3/3
  1102 | D:1      | Reached XP level 4. HP: 35/35 MP: 4/4
  1366 | D:2      | Found a bloodstained altar of Trog.
  1889 | D:3      | Reached XP level 5. HP: 37/42 MP: 5/5
  2593 | D:4      | Reached skill level 1 in Dodging
  2598 | D:4      | Reached XP level 6. HP: 32/48 MP: 6/6
  2650 | D:4      | Noticed a phantom
  3189 | D:4      | Killed a phantom
  3189 | D:4      | Reached skill level 5 in Shields
  3189 | D:4      | Reached XP level 7. HP: 25/54 MP: 7/7
  3218 | D:4      | Reached skill level 5 in Axes
  3729 | D:5      | Entered Level 5 of the Dungeon
  3729 | D:5      | Found a stormy altar of Qazlal.
  3795 | D:5      | Became a worshipper of Qazlal Stormbringer
  3801 | D:5      | Found an iron altar of Okawaru.
  3806 | D:5      | Found a sacrificial altar of Ru.
  3806 | D:5      | Found a hide-covered altar of Uskayaw.
  3860 | D:5      | Reached skill level 5 in Armour
  3871 | D:5      | Killed from afar by an orc priest

Skill      XL: |  1  2  3  4  5  6  7 |
---------------+----------------------+-----
Shields        | 4 5 |  5.2
Armour         | 4 5 |  5.0
Axes           | 3 4 5 |  5.6
Dodging        | 1 |  1.4
Fighting       | 4 |  4.7
Stealth        | |  0.8

Action                   |  1- 3 |  4- 6 |  7- 9 || total
-------------------------+-------+-------+-------++-------
Melee: War axe           |   105 |   238 |    75 ||   418
Evoke: Wand              |       |       |     2 ||     2
  Use: Potion            |       |     1 |     1 ||     2
       Scroll            |       |     6 |       ||     6
 Stab: Paralysed         |       |       |     3 ||     3
  Eat: Chunk             |       |     7 |     3 ||    10
Armor: Scale mail        |    68 |   104 |    24 ||   196
Dodge: Dodged            |    34 |    86 |    36 ||   156
Block: Shield            |    58 |   144 |    40 ||   242
